 Dungeon Crawl Stone Soup version 0.31.0-32-g396128a36d (webtiles) character file.

Game seed: 1616969472106969764

212 Zonian the Ducker (level 5, -5/43 HPs)
             Began as a Gnoll Gladiator on Mar 24, 2024.
             Blown up by Ijyb (19 damage)
             ... with a mindburst bolt
             ... on level 4 of the Dungeon.
             The game lasted 00:06:29 (2800 turns).

Zonian the Ducker (Gnoll Gladiator)                 Turns: 2800, Time: 00:06:30

Health: -5/43      AC:  4    Str: 14    XL:     5   Next: 90%
Magic:  7/7        EV: 14    Int:  7    God:
Gold:   133        SH:  0    Dex: 15    Spells: 7/7 levels left

rFire   + . .        j - +2 dagger (vamp)
rCold   + . .        (no shield)
rNeg    . . .        b - +0 leather armour
rPois   +            c - +0 helmet
rElec   +            (no cloak)
rCorr   +            (no gloves)
SInv    .            (no boots)
Will    .....        p - amulet of regeneration
Stlth   ++           (no ring)
HPRegen 1.07/turn    (no ring)
MPRegen 0.10/turn

%: no passive effects
@: resistant
A: fangs 1, strong nose, distributed training
a: no special abilities


You were on level 4 of the Dungeon.
You visited 1 branch of the dungeon, and saw 4 of its levels.

You collected 133 gold pieces.

Inventory:

Hand Weapons
 a - a +0 rapier
 j - a +2 vampiric dagger (weapon)
Missiles
 d - a throwing net (quivered)
 e - a javelin
Armour
 b - a +0 leather armour (worn)
 c - a +0 helmet (worn)
Jewellery
 p - an amulet of regeneration (around neck)
Talismans
 h - a beast talisman
Scrolls
 f - a scroll of vulnerability
 i - 2 scrolls of amnesia
 n - 3 scrolls of enchant weapon
Potions
 k - a potion of enlightenment


   Skills:
 + Level 4.9 Fighting
 + Level 6.7 Short Blades
 + Level 1.7 Long Blades
 + Level 1.7 Axes
 + Level 1.7 Maces & Flails
 + Level 1.7 Polearms
 + Level 1.7 Staves
 + Level 1.7 Ranged Weapons
 + Level 4.9 Throwing
 + Level 1.7 Armour
 + Level 6.7 Dodging
 + Level 1.7 Stealth
 + Level 1.7 Shields
 + Level 1.7 Unarmed Combat
 + Level 1.7 Spellcasting
 + Level 1.3 Conjurations
 + Level 1.3 Hexes
 + Level 1.3 Summonings
 + Level 1.3 Necromancy
 + Level 1.3 Translocations
 + Level 1.3 Fire Magic
 + Level 1.3 Ice Magic
 + Level 1.3 Air Magic
 + Level 1.3 Earth Magic
 + Level 1.3 Alchemy
 + Level 2.0 Invocations
 + Level 1.7 Evocations
 + Level 1.5 Shapeshifting


You had 7 spell levels left.
You didn't know any spells.
Your spell library contained the following spells:

 Spells                   Type           Power      Damage    Failure   Level
 Ensorcelled Hibernation  Hex/Ice        4%         N/A       38%         2
 Ozocubu's Armour         Ice            2%         N/A       63%         3
 Passwall                 Erth           2%         N/A       63%         3
 Swiftness                Air            2%         N/A       63%         3
 Tukima's Dance           Hex            2%         N/A       63%         3
 Dimensional Bullseye     Hex/Tloc       1%         N/A       95%         4
 Iskenderun's Mystic Bla  Conj/Tloc      2%         2d3       95%         4
 Metabolic Englaciation   Hex/Ice        1%         N/A       100%        5
 Sculpt Simulacrum        Ice/Alch       1%         N/A       100%        6


Dungeon Overview and Level Annotations

Branches:
Dungeon (4/15)
 Temple: D:4-7

Altars:
Uskayaw

Shops:
D:3 (

Annotations:
D:4 Ijyb


Innate Abilities, Weirdness & Mutations

You have very sharp teeth.
Your uncanny sense of smell can sniff out nearby items.
Your experience applies equally to all skills.


Message History

Unknown command.
You hit Ijyb.
You feel better.
Ijyb is lightly wounded.
Ijyb zaps a wand.
Your mind is blasted!
You hit Ijyb but do no damage.
Ijyb is lightly wounded.
Unknown command.
You hit Ijyb but do no damage.
Ijyb is lightly wounded.
Ijyb hits you with a +0 dagger.
You closely miss Ijyb.
Ijyb is lightly wounded.
Ijyb zaps a wand.
Your mind is blasted!
Unknown command.
You hit Ijyb but do no damage.
Ijyb is lightly wounded.
You barely miss Ijyb.
Ijyb is lightly wounded.
Ijyb completely misses you.
Unknown command.
Okay, then.
Okay, then.
You feel protected. Ijyb hits you with a +0 dagger.
You closely miss Ijyb. You bite Ijyb, but do no damage.
Ijyb is lightly wounded.
You hit Ijyb but do no damage.
Ijyb is lightly wounded.
Ijyb hits you with a +0 dagger.
You hit Ijyb but do no damage.
Ijyb is lightly wounded.
Ijyb hits you with a +0 dagger.
* * * LOW HITPOINT WARNING * * *
Unknown command.
You hit Ijyb but do no damage.
Ijyb is lightly wounded.
You hit Ijyb but do no damage.
Ijyb is lightly wounded.
Ijyb zaps a wand.
Your mind is blasted!
You die...

∆ ∆ ..# #.# #.#
####.###### ∆
#######.........# ∆
.....##....8....####
.....##..8...8..@g.#.#
...........†.........#
...[.##.8.....8.........
.....##.....!...........
.........8...8..#....#..
.....##....8.........# .
#######...........#....
##.......##......
#.#._.#.# ###.##


You could see Ijyb.

Vanquished Creatures
  A bombardier beetle (D:3)
  An orc priest (D:3)
  An iguana (D:4)
  An orc wizard (D:3)
  3 adders
  2 dart slugs
  3 orcs
  4 ball pythons
  9 bats
  6 endoplasms
  2 giant cockroaches (D:3)
  11 goblins
  3 hobgoblins
  5 quokkas
  3 frilled lizards
  5 kobolds
  5 rats
65 creatures vanquished.

Notes
Turn   | Place    | Note
-------+----------+-------------------------------------------
     0 | D:1      | Zonian the Gnoll Gladiator began the quest for the Orb.
     0 | D:1      | Reached XP level 1. HP: 20/20 MP: 1/1
   171 | D:1      | Reached XP level 2. HP: 26/26 MP: 2/2
   624 | D:1      | Reached XP level 3. HP: 31/31 MP: 3/3
  1042 | D:2      | Reached skill level 1 in Invocations
  1358 | D:2      | Reached skill level 1 in Long Blades
  1358 | D:2      | Reached skill level 1 in Axes
  1358 | D:2      | Reached skill level 1 in Maces & Flails
  1358 | D:2      | Reached skill level 1 in Polearms
  1358 | D:2      | Reached skill level 1 in Staves
  1358 | D:2      | Reached skill level 1 in Ranged Weapons
  1358 | D:2      | Reached skill level 1 in Armour
  1358 | D:2      | Reached skill level 1 in Stealth
  1358 | D:2      | Reached skill level 1 in Shields
  1358 | D:2      | Reached skill level 1 in Unarmed Combat
  1358 | D:2      | Reached skill level 1 in Spellcasting
  1358 | D:2      | Reached skill level 1 in Evocations
  1445 | D:2      | Reached skill level 1 in Shapeshifting
  1445 | D:2      | Reached XP level 4. HP: 38/38 MP: 5/5
  1680 | D:2      | Found a faded altar of an unknown god.
  1831 | D:3      | Reached skill level 1 in Conjurations
  1831 | D:3      | Reached skill level 1 in Hexes
  1831 | D:3      | Reached skill level 1 in Summonings
  1831 | D:3      | Reached skill level 1 in Necromancy
  1831 | D:3      | Reached skill level 1 in Translocations
  1831 | D:3      | Reached skill level 1 in Fire Magic
  1831 | D:3      | Reached skill level 1 in Ice Magic
  1831 | D:3      | Reached skill level 1 in Air Magic
  1831 | D:3      | Reached skill level 1 in Earth Magic
  1831 | D:3      | Reached skill level 1 in Alchemy
  1834 | D:3      | Reached XP level 5. HP: 16/43 MP: 5/7
  1899 | D:3      | Found Affaonw Boka's Antique Weapon Shop.
  2736 | D:4      | Found a hide-covered altar of Uskayaw.
  2771 | D:4      | Noticed Ijyb
  2800 | D:4      | Blown up by Ijyb

Illustrated notes

Levels and vault maps discovered:
D:1:      scummos_arrival_checkerplants, layout_basic
D:2:      kennysheep_the_goblin_king, layout_basic,
          dilly_ecumenical_altar_fadedgnrine
D:3:      layout_loops_ring, serial_shops, shop, grunt_ministairs_2
D:4:      minmay_spotlight, layout_loops_cross, nicolae_uskayaw_dance_hall,
          uniq_ijyb

Skill      XL: |  1  2  3  4  5 |
---------------+----------------+-----
Invocations    | 1 2 |  2.0
Long Blades    | 1 |  1.7
Axes           | 1 |  1.7
Maces & Flails | 1 |  1.7
Polearms       | 1 |  1.7
Staves         | 1 |  1.7
Ranged Weapons | 1 |  1.7
Armour         | 1 |  1.7
Stealth        | 1 |  1.7
Shields        | 1 |  1.7
Unarmed Combat | 1 |  1.7
Spellcasting   | 1 |  1.7
Evocations     | 1 |  1.7
Shapeshifting  | 1 |  1.5
Conjurations   | 1 |  1.3
Hexes          | 1 |  1.3
Summonings     | 1 |  1.3
Necromancy     | 1 |  1.3
Translocations | 1 |  1.3
Fire Magic     | 1 |  1.3
Ice Magic      | 1 |  1.3
Air Magic      | 1 |  1.3
Earth Magic    | 1 |  1.3
Alchemy        | 1 |  1.3
Fighting       | |  4.9
Short Blades   | |  6.7
Throwing       | |  4.9
Dodging        | |  6.7

Action                     |  1- 3 |  4- 6 || total
---------------------------+-------+-------++-------
  Melee: Rapier            |    12 |       ||    12
         Dagger            |   124 |   145 ||   269
         Bite              |    10 |    12 ||    22
         Punch             |     2 |     5 ||     7
  Throw: Throwing net      |       |     2 ||     2
    Use: Potion            |       |     6 ||     6
         Scroll            |       |     8 ||     8
   Stab: Sleeping          |     4 |     2 ||     6
 Armour: Leather armour    |    47 |    37 ||    84
  Dodge: Dodged            |    89 |    86 ||   175
